[Event "Titled Tuesday Blitz January 31 Late 2023"]
[White "Battlecruiser_Operational"]
[Black "Onslow, Alfie"]
[BlackFideId "436976"]
[WhiteElo "2419"]
[BlackElo "2157"]
[Result "0-1"]
[Round "10"]
[TimeControl "180+2"]
[Date "2023.01.31"]
[WhiteClock "0:00:03"]
[BlackClock "0:00:06"]

1. d4 d5 2. c4 e6 3. Nc3 c6 4. e4 dxe4 5. Nxe4 Bb4+ 6. Bd2 Qxd4 7. Bxb4 Qxe4+ 8. Ne2 Na6 9. Bf8 Qe5 10. Qd2 Bd7 11. Bd6 Qf6 12. O-O-O O-O-O 13. f4 Nh6 14. Nc3 Nf5 15. Be5 Qh6 16. g4 f6 17. gxf5 fxe5 18. fxe5 Qxd2+ 19. Rxd2 exf5 20. Rg1 g6 21. a3 Rhe8 22. Re2 Nc5 23. Kc2 Ne6 24. Rd2 Nc7 25. Re2 Be6 26. b3 Rd4 27. Bg2 Red8 28. Rge1 a5 29. Rd1 Rxd1 30. Nxd1 a4 31. Nb2 axb3+ 32. Kxb3 Na6 33. h4 Rd4 34. h5 Rh4 35. Bf3 g5 36. Kc2 g4 37. Bg2 Nc5 38. Rd2 Rxh5 39. Nd3 Nxd3 40. Kxd3 f4 41. Ke4 f3 42. Bf1 Rh1 43. Bd3 h5 44. Kf4 Rg1 45. c5 Rg2 46. Rd1 f2 47. Bf1 Rg1 48. Ke3 Bc4 49. Kxf2 Rxf1+ 50. Rxf1 Bxf1 51. Kxf1 Kd7 0-1


[Site "https://www.chess.com"]

[Event "Titled Tuesday Blitz January 31 Late 2023"]
[White "Buchenau, Frank"]
[Black "rikchessmx"]
[WhiteFideId "4604350"]
[WhiteElo "2222"]
[BlackElo "2287"]
[Result "1-0"]
[Round "10"]
[TimeControl "180+2"]
[Date "2023.01.31"]
[WhiteClock "0:01:35"]
[BlackClock "0:00:19"]

1. e4 c5 2. Nf3 e6 3. d4 cxd4 4. Nxd4 a6 5. Bd3 Nf6 6. O-O Qc7 7. Qe2 d6 8. f4 Nbd7 9. c4 b6 10. Nc3 Bb7 11. Bd2 h5 12. b4 g6 13. Rac1 Bg7 14. f5 gxf5 15. exf5 e5 16. Nd5 Qd8 17. Bg5 Qb8 18. Ne6 fxe6 19. fxe6 Bxd5 20. exd7+ Kxd7 21. cxd5 Rf8 22. Bf5+ Ke8 23. Rc8+ Qxc8 24. Bxc8 Rxc8 25. Qxa6 Rd8 26. Qxb6 Rd7 27. Qc6 1-0


[Site "https://www.chess.com"]

[Event "Titled Tuesday Blitz January 31 Late 2023"]
[White "Zampronha, Wladimir Camilo"]
[Black "Forgacs, Attila Jr."]
[WhiteFideId "2103087"]
[BlackFideId "773654"]
[WhiteElo "2176"]
[BlackElo "2264"]
[Result "1/2-1/2"]
[Round "10"]
[TimeControl "180+2"]
[Date "2023.01.31"]
[WhiteClock "0:01:25"]
[BlackClock "0:00:03"]

1. e4 e5 2. Nf3 Nc6 3. d4 exd4 4. Nxd4 Nf6 5. Nxc6 bxc6 6. e5 Qe7 7. Qe2 Nd5 8. c4 Ba6 9. b3 g6 10. f4 Bg7 11. Qf2 Nf6 12. Be2 Ne4 13. Qe3 f5 14. Ba3 d6 15. O-O c5 16. Nc3 Nxc3 17. Qxc3 dxe5 18. Bb2 O-O 19. fxe5 Rae8 20. Bf3 Bxe5 21. Qxe5 Qxe5 22. Bxe5 Rxe5 23. Rad1 Bc8 24. Rd2 Kg7 25. Rfd1 Rfe8 26. Kf2 Kf6 27. h4 h6 28. g3 a5 29. Rd8 g5 30. hxg5+ hxg5 31. Rxe8 Rxe8 32. Rd5 Re5 33. Rd8 Be6 34. Ra8 g4 35. Be2 Kg5 36. Rxa5 f4 37. gxf4+ Kxf4 38. Bf1 g3+ 39. Kg1 Bg4 40. Ra8 Bf3 41. Rf8+ Ke3 42. Rg8 Kf4 43. Rf8+ Ke4 44. Bg2 Bxg2 45. Kxg2 Rg5 46. Rd8 Rg6 47. Rd7 Ra6 48. Rxc7 Rxa2+ 49. Kxg3 Kd4 50. Rb7 Rb2 51. Rb5 Kc3 52. Kf4 Rxb3 53. Rxc5 Rb4 54. Ke5 Rxc4 55. Kd5 Rxc5+ 56. Kxc5 1/2-1/2


[Site "https://www.chess.com"]

[Event "Titled Tuesday Blitz January 31 Late 2023"]
[White "Bon, Michael"]
[Black "Corredor Castellanos, Camilo"]
[WhiteFideId "620696"]
[BlackFideId "4425871"]
[WhiteElo "2394"]
[BlackElo "1957"]
[Result "1-0"]
[Round "10"]
[TimeControl "180+2"]
[Date "2023.01.31"]
[WhiteClock "0:00:50"]
[BlackClock "0:01:46"]

1. e4 c5 2. Nf3 d6 3. d4 cxd4 4. Nxd4 Nf6 5. Nc3 a6 6. Bg5 Nbd7 7. f4 Qb6 8. Qd2 Qxb2 9. Nb3 Qa3 10. Bxf6 Nxf6 11. e5 Nd7 12. Nd5 Kd8 13. Be2 e6 14. Ne3 d5 15. O-O Be7 16. c4 dxc4 17. Nxc4 Qb4 18. Qc2 b5 19. Nca5 Ke8 20. Nc6 Qa3 21. Rad1 h5 22. Rf3 h4 23. Rc3 Qa4 24. Nxe7 Kxe7 25. Rd4 b4 26. Rc7 h3 27. Bf3 Qb5 28. Bxa8 hxg2 29. Bxg2 Qb6 30. Rxc8 1-0


[Site "https://www.chess.com"]

[Event "Titled Tuesday Blitz January 31 Late 2023"]
[White "Fernandez, Maria Florencia"]
[Black "Chabris, Christopher"]
[WhiteFideId "116459"]
[BlackFideId "2005263"]
[WhiteElo "2129"]
[BlackElo "2053"]
[Result "0-1"]
[Round "10"]
[TimeControl "180+2"]
[Date "2023.01.31"]
[WhiteClock "0:00:02"]
[BlackClock "0:00:31"]

1. d4 Nf6 2. c4 e6 3. Nc3 Bb4 4. a3 Bxc3+ 5. bxc3 b6 6. f3 d6 7. e4 Nc6 8. Bg5 h6 9. Bh4 g5 10. Bf2 Ba6 11. Qa4 Bb7 12. d5 Qd7 13. dxc6 Bxc6 14. Qb4 Ba4 15. Bd3 Qc6 16. Ne2 Nd7 17. O-O Ne5 18. Bb1 a5 19. Qb2 Nxc4 20. Qa2 e5 21. Bc2 Bb5 22. a4 Ba6 23. Bb3 O-O-O 24. Rfd1 h5 25. Nc1 Rdg8 26. Nd3 g4 27. Kh1 h4 28. Nb2 Nxb2 29. Bd5 Qxc3 30. Rdc1 Qd2 31. Bg1 h3 32. gxh3 gxf3 33. Be6+ Kb8 34. Qxb2 Qxb2 0-1


[Site "https://www.chess.com"]

[Event "Titled Tuesday Blitz January 31 Late 2023"]
[White "Gerbelli Neto, Eduardo"]
[Black "ritanovikova"]
[WhiteFideId "2103281"]
[WhiteElo "2114"]
[BlackElo "2217"]
[Result "1-0"]
[Round "10"]
[TimeControl "180+2"]
[Date "2023.01.31"]
[WhiteClock "0:00:17"]
[BlackClock "0:00:05"]

1. e4 d5 2. exd5 Qxd5 3. Nc3 Qd6 4. Bc4 Nf6 5. d3 Bg4 6. f3 Bf5 7. g4 Be6 8. Bxe6 Qxe6+ 9. Qe2 Qxe2+ 10. Ngxe2 h6 11. Be3 e5 12. Ng3 g6 13. Nge4 Nbd7 14. Nb5 Kd8 15. g5 Nxe4 16. fxe4 a6 17. Nc3 c6 18. O-O Ke8 19. Rf3 hxg5 20. Bxg5 Be7 21. Be3 Bc5 22. Bxc5 Nxc5 23. Raf1 Rh7 24. Nd1 Ne6 25. Ne3 Ke7 26. Ng4 Rah8 27. Nxe5 Ng5 28. Rg3 Rxh2 29. Rxg5 Rh1+ 30. Kf2 R8h2+ 31. Rg2 Rxf1+ 32. Kxf1 Rh5 33. Nf3 Ra5 34. a3 b5 35. Nd4 Kd6 36. Rf2 c5 37. Nb3 Ra4 38. Rxf7 c4 39. dxc4 bxc4 40. Nd4 c3 41. bxc3 Rxa3 42. Rf6+ Ke5 43. Re6+ Kf4 44. Rxg6 Kxe4 45. Rc6 Ke3 46. Re6+ Kd2 47. Re2+ Kxc3 48. Re3+ Kb2 49. Rxa3 Kxa3 50. Ke2 Kb2 51. Kd3 a5 52. Nb5 a4 53. c4 Kb3 54. c5 Kb4 55. c6 Kxb5 56. c7 Kb4 57. c8=Q Ka3 58. Qb7 Ka2 59. Kc2 Ka1 60. Qb1# 1-0


[Site "https://www.chess.com"]

[Event "Titled Tuesday Blitz January 31 Late 2023"]
[White "Curtis, John"]
[Black "Todev, Simeon"]
[WhiteFideId "3200256"]
[BlackFideId "2925133"]
[WhiteElo "2292"]
[BlackElo "2033"]
[Result "1/2-1/2"]
[Round "10"]
[TimeControl "180+2"]
[Date "2023.01.31"]
[WhiteClock "0:00:19"]
[BlackClock "0:00:02"]

1. e4 c5 2. Nf3 Nc6 3. d4 cxd4 4. Nxd4 e5 5. Nb5 d6 6. c4 a6 7. N5c3 Be6 8. Nd5 Nf6 9. Nbc3 Be7 10. Be2 O-O 11. Be3 Rb8 12. a4 Bxd5 13. cxd5 Nb4 14. O-O Nd7 15. Bg4 g6 16. Qb3 a5 17. Bxd7 Qxd7 18. Bb6 Nd3 19. Nb5 Nf4 20. Rae1 f5 21. exf5 Rxf5 22. Bxa5 Rg5 23. g3 Qg4 24. Bd2 Ne2+ 25. Rxe2 Qxe2 26. Bxg5 Bxg5 27. Nxd6 Rf8 28. Nc4 Kh8 29. d6 e4 30. Qc3+ Bf6 31. Qe3 Qxc4 32. Rd1 Bd8 33. Rd4 Qc6 34. Qxe4 Bb6 35. Qe5+ Kg8 36. Qe6+ Kh8 37. Qe5+ Kg8 38. Qe6+ Kg7 39. Qe7+ Rf7 40. Qe5+ Kg8 41. Rf4 Qc1+ 42. Kg2 Rxf4 43. gxf4 Qc6+ 44. Kg3 Qd7 45. b4 Bd8 46. a5 Qf7 47. h4 Bf6 48. Qc5 Bd8 49. b5 Qf6 50. b6 Qxh4+ 51. Kf3 Qh3+ 52. Ke2 Qe6+ 53. Kf3 Qh3+ 54. Ke2 Qg4+ 55. Kf1 Qxf4 56. Qd5+ Qf7 57. Qe4 Qd7 58. Qd5+ Qf7 59. Qe4 Qd7 60. Qd5+ Qf7 1/2-1/2


[Site "https://www.chess.com"]

[Event "Titled Tuesday Blitz January 31 Late 2023"]
[White "Smith, Garrett L"]
[Black "Bongo Akanga Ndjila, Barthelemy"]
[WhiteFideId "2024829"]
[BlackFideId "10609431"]
[WhiteElo "2047"]
[BlackElo "1824"]
[Result "1-0"]
[Round "10"]
[TimeControl "180+2"]
[Date "2023.01.31"]
[WhiteClock "0:00:47"]
[BlackClock "0:00:06"]

1. e4 e6 2. d4 d5 3. Nc3 Nf6 4. e5 Nfd7 5. f4 c5 6. Nf3 Nc6 7. Be3 a6 8. Qd2 b5 9. dxc5 Nxc5 10. a3 b4 11. axb4 Nxb4 12. Nd4 Bb7 13. Bd3 Ncxd3+ 14. cxd3 Be7 15. O-O O-O 16. f5 exf5 17. Nxf5 d4 18. Bxd4 Bg5 19. Qe2 g6 20. Nd6 Bc6 21. Bc5 Nd5 22. e6 Be3+ 23. Bxe3 Qxd6 24. Bh6 fxe6 25. Bxf8 Rxf8 26. Rxf8+ Qxf8 27. Qxe6+ Kg7 28. Nxd5 Qc5+ 29. Ne3 Bb5 30. h3 Bxd3 31. Kh1 Qg5 32. Rd1 Be2 33. Rd7+ Kh6 34. Ng4+ Bxg4 35. Qxg4 Qc1+ 36. Kh2 Qxb2 37. Qh4# 1-0


[Site "https://www.chess.com"]

[Event "Titled Tuesday Blitz January 31 Late 2023"]
[White "Rian, Kapriaga"]
[Black "kiwibobo"]
[WhiteFideId "7103263"]
[WhiteElo "2089"]
[BlackElo "2087"]
[Result "1-0"]
[Round "10"]
[TimeControl "180+2"]
[Date "2023.01.31"]
[WhiteClock "0:00:18"]
[BlackClock "0:00:29"]

1. d4 Nf6 2. Nf3 g6 3. c4 Bg7 4. Nc3 d5 5. Bg5 Ne4 6. Bh4 Nxc3 7. bxc3 dxc4 8. Qa4+ c6 9. Qxc4 O-O 10. e3 Nd7 11. Be2 Nb6 12. Qb3 Be6 13. Qa3 c5 14. O-O Nd7 15. Rfd1 Bf6 16. Bxf6 Nxf6 17. Qxc5 Ne4 18. Qa3 Qc7 19. Rac1 Rfc8 20. c4 a6 21. Nd2 Nxd2 22. Rxd2 b5 23. c5 Bd5 24. Bf3 Qc6 25. Bxd5 Qxd5 26. Qb3 e6 27. f3 Rc6 28. Qxd5 exd5 29. e4 Rd8 30. Rcd1 Kg7 31. Kf2 Kf6 32. Ke3 Ke6 33. h4 h5 34. g4 hxg4 35. fxg4 Rh8 36. Rh2 Rd8 37. h5 dxe4 38. Kxe4 Rxc5 39. h6 Rc7 40. d5+ Ke7 41. d6+ Rxd6 42. Rxd6 Kxd6 43. h7 f5+ 44. gxf5 gxf5+ 45. Kxf5 Rc5+ 46. Kg6 Rc8 47. h8=Q Rxh8 48. Rxh8 a5 49. Rh5 Kc6 50. Rf5 a4 51. Kg5 a3 52. Kg4 Kb6 53. Kf3 Ka5 54. Ke2 Ka4 55. Kd2 b4 56. Kc2 b3+ 57. axb3+ Kb4 58. Rf4+ Kb5 59. Ra4 1-0


[Site "https://www.chess.com"]

[Event "Titled Tuesday Blitz January 31 Late 2023"]
[White "Desideri, Ricardo Maruchi"]
[Black "Ruiz Aguilar, Pablo Alexander"]
[WhiteFideId "2110440"]
[BlackFideId "4401352"]
[WhiteElo "1959"]
[BlackElo "2161"]
[Result "0-1"]
[Round "10"]
[TimeControl "180+2"]
[Date "2023.01.31"]
[WhiteClock "0:00:27"]
[BlackClock "0:01:14"]

1. e4 c5 2. Nf3 e6 3. d4 cxd4 4. Nxd4 a6 5. Bd3 Nc6 6. Nb3 Nf6 7. g4 d5 8. g5 Nxe4 9. Bxe4 dxe4 10. Qxd8+ Nxd8 11. Nc3 e5 12. Nxe4 Bf5 13. Nbd2 Nc6 14. c3 O-O-O 15. Ng3 Bd3 16. Nde4 h6 17. gxh6 gxh6 18. Be3 f5 19. Bb6 fxe4 20. Bxd8 Nxd8 21. O-O-O Bc5 22. b4 Bxf2 23. Nf5 Ne6 24. Nd6+ Kc7 25. Nf7 Rf8 26. Nxe5 Nf4 27. Kb2 Bb5 28. Ka3 e3 29. c4 Be8 30. Nd3 Nxd3 31. Rxd3 e2 0-1


[Site "https://www.chess.com"]

[Event "Titled Tuesday Blitz January 31 Late 2023"]
[White "Almedina Ortiz, Edgardo J."]
[Black "Rose, Felix"]
[WhiteFideId "3100197"]
[BlackFideId "5105722"]
[WhiteElo "2156"]
[BlackElo "2091"]
[Result "0-1"]
[Round "10"]
[TimeControl "180+2"]
[Date "2023.01.31"]
[WhiteClock "0:00:01"]
[BlackClock "0:00:48"]

1. Nf3 d5 2. g3 c6 3. Bg2 Bf5 4. O-O h6 5. b3 Nf6 6. Bb2 e6 7. d3 Nbd7 8. Nbd2 Bh7 9. c4 Be7 10. a3 O-O 11. b4 Re8 12. Qb3 Bd6 13. Rfc1 Qe7 14. Bc3 e5 15. cxd5 cxd5 16. Qb2 e4 17. dxe4 dxe4 18. Nd4 e3 19. fxe3 Qxe3+ 20. Kh1 Ng4 21. Rf1 Nf2+ 22. Rxf2 Qxf2 23. Rf1 Qe3 24. Nc4 Qe7 25. Nxd6 Qxd6 26. Nb5 Qb6 27. a4 Be4 28. Bxg7 Qc6 29. Bf3 Bxf3+ 30. exf3 Qc4 31. Rf2 Kh7 32. Bd4 Rac8 33. Kg2 Qc1 34. Qb3 Qc4 0-1


[Site "https://www.chess.com"]

[Event "Titled Tuesday Blitz January 31 Late 2023"]
[White "Floresvillar Gonzalez, Luis Migu"]
[Black "Figorito, Nick"]
[WhiteFideId "5100542"]
[BlackFideId "30923689"]
[WhiteElo "2043"]
[BlackElo "2036"]
[Result "1-0"]
[Round "10"]
[TimeControl "180+2"]
[Date "2023.01.31"]
[WhiteClock "0:00:05"]
[BlackClock "0:00:16"]

1. d4 Nf6 2. c3 g6 3. Nf3 Bg7 4. h4 d5 5. Bg5 c5 6. e3 Nc6 7. Be2 Qb6 8. Qb3 c4 9. Qxb6 axb6 10. Nbd2 b5 11. a3 b4 12. cxb4 Nxb4 13. O-O Nc6 14. Rfd1 O-O 15. Ne5 Bf5 16. f4 h6 17. Bxf6 exf6 18. Nef3 Rfe8 19. Kf2 b5 20. Re1 Na5 21. Rac1 Be4 22. Nxe4 Rxe4 23. Nd2 Re7 24. Bf3 Rd8 25. Nb1 Nb3 26. Rc2 f5 27. Nc3 Bf6 28. g3 Red7 29. Nxb5 Be7 30. Nc3 Kg7 31. a4 Na5 32. h5 Bb4 33. hxg6 fxg6 34. Ree2 Bxc3 35. bxc3 Rb8 36. Rb2 Nb3 37. Rec2 Ra8 38. Ra2 Ra5 39. g4 fxg4 40. Bxg4 Rda7 41. Bf3 Kf6 42. Kg3 Ke6 43. Bg4+ Kf6 44. Rh2 h5 45. Bf3 Ke6 46. Kh4 Rxa4 47. Rxa4 Rxa4 48. Kg5 Ra8 49. f5+ gxf5 50. Rxh5 Rg8+ 51. Kf4 Rf8 52. Rh6+ Ke7 53. Bxd5 Nd2 54. Rc6 Kd7 55. Rc5 Kd6 56. Bxc4 Ne4 57. Rxf5 Rxf5+ 58. Kxf5 Nxc3 59. e4 Ke7 60. e5 Na4 61. Ke4 Nc3+ 62. Kd3 Nd1 63. Bd5 Nf2+ 64. Ke3 Ng4+ 65. Ke4 Nf2+ 66. Kf3 Nd3 67. Be4 Nb4 68. Ke3 Na6 69. Kd3 Nc7 70. Kc4 Ne6 71. d5 Ng5 72. Kd4 Nf7 73. d6+ Ke6 74. Bd5+ Kd7 75. Bxf7 Kc6 76. Ke4 Kd7 77. Kf5 Kd8 78. Kf6 Kd7 79. e6+ Kxd6 80. e7 Kc5 81. e8=Q Kd4 82. Qe7 Kc3 83. Qd6 1-0


[Site "https://www.chess.com"]

[Event "Titled Tuesday Blitz January 31 Late 2023"]
[White "Vaglio Munoz, Jaime"]
[Black "Mosquera, Miguel"]
[WhiteFideId "6500145"]
[BlackFideId "4401131"]
[WhiteElo "2174"]
[BlackElo "2371"]
[Result "0-1"]
[Round "10"]
[TimeControl "180+2"]
[Date "2023.01.31"]
[WhiteClock "0:00:02"]
[BlackClock "0:00:10"]

1. Nf3 d5 2. b3 c5 3. Bb2 Nf6 4. e3 Nc6 5. Bb5 Bd7 6. Bxc6 Bxc6 7. Ne5 e6 8. f4 Bd6 9. O-O O-O 10. d3 Rc8 11. Nd2 b5 12. Qe1 c4 13. dxc4 dxc4 14. Bd4 Bb7 15. Qh4 c3 16. Ndf3 Be7 17. Rad1 Ne4 18. Qg4 f5 19. Qh5 Nf6 20. Qh3 Qe8 21. Ng5 Bd5 22. Nd7 Qg6 23. Nxf8 Bxf8 24. Qg3 Nh5 25. Qh4 Be7 26. Qf2 Bxg5 27. fxg5 Qxg5 28. Rd3 Nf6 29. Rxc3 Rxc3 30. Bxc3 Ne4 31. Qe1 Nxc3 32. Rf2 Ne4 0-1


[Site "https://www.chess.com"]

[Event "Titled Tuesday Blitz January 31 Late 2023"]
[White "Kohler, Aran"]
[Black "Wilson, Elvin"]
[WhiteFideId "1002856"]
[BlackFideId "2014874"]
[WhiteElo "2010"]
[BlackElo "2183"]
[Result "1-0"]
[Round "10"]
[TimeControl "180+2"]
[Date "2023.01.31"]
[WhiteClock "0:01:19"]
[BlackClock "0:00:06"]

1. Nf3 Nf6 2. d4 e6 3. Bg5 c5 4. e3 h6 5. Bxf6 Qxf6 6. c3 b6 7. Nbd2 Bb7 8. Bd3 g6 9. Be4 d5 10. Bc2 Bg7 11. Ba4+ Ke7 12. Ne5 Rd8 13. f4 Kf8 14. O-O a6 15. Bc2 Kg8 16. Rf3 Nd7 17. Rg3 Nxe5 18. fxe5 Qe7 19. Qg4 b5 20. Rf1 Rf8 21. h4 h5 22. Qe2 Qxh4 23. Rh3 Qg4 24. Qxg4 hxg4 25. Rg3 Bh6 26. Kf2 b4 27. Rxg4 a5 28. Nb3 cxd4 29. cxd4 Ba6 30. Rh1 Bg7 31. Nc5 Rfc8 32. Bb1 Bf8 33. Nd7 Bg7 34. Nf6+ Bxf6 35. exf6 1-0


[Site "https://www.chess.com"]

[Event "Titled Tuesday Blitz January 31 Late 2023"]
[White "Zhou, Qiyu"]
[Black "Tarnowska, Aleksandra"]
[WhiteFideId "505161"]
[BlackFideId "1180967"]
[WhiteElo "2201"]
[BlackElo "1835"]
[Result "1-0"]
[Round "10"]
[TimeControl "180+2"]
[Date "2023.01.31"]
[WhiteClock "0:00:20"]
[BlackClock "0:00:02"]

1. e4 c5 2. Nf3 e6 3. d4 cxd4 4. Nxd4 a6 5. c4 Nf6 6. Nc3 Bb4 7. Bd3 Qc7 8. O-O Nc6 9. Nxc6 bxc6 10. Bd2 Be7 11. f4 d6 12. Kh1 Bb7 13. Qf3 Rd8 14. Qg3 g6 15. Rf2 h5 16. f5 gxf5 17. exf5 e5 18. Ne4 Kd7 19. Bc3 Rdg8 20. Nxf6+ Bxf6 21. Qh3 h4 22. Qe3 Rg7 23. Be4 Rhg8 24. Rd1 Ke7 25. Qd3 Rd8 26. Bb4 c5 27. Bc3 Bxe4 28. Qxe4 Rdg8 29. Qd5 Rd8 30. Re1 Kf8 31. Rd2 Qe7 32. Re4 Bg5 33. Rf2 Qf6 34. Qc6 Ke7 35. Qc7+ Rd7 36. Qc6 Rg8 37. Qd5 Bf4 38. Rfxf4 Qg5 39. Rf2 Qc1+ 40. Re1 Qg5 41. f6+ Kd8 42. Qa8+ Kc7 43. Qa7+ Kc6 44. Qxa6+ Kc7 45. Ba5+ Kb8 46. Qb6+ Kc8 47. Qc6+ Kb8 48. Qxd7 h3 49. Qc7+ Ka8 50. Qc6+ Kb8 51. Bc7+ Ka7 52. Qb6+ Ka8 53. Qa6# 1-0


[Site "https://www.chess.com"]

[Event "Titled Tuesday Blitz January 31 Late 2023"]
[White "Sailer, Mike"]
[Black "Harish, Neeraj"]
[WhiteFideId "2012901"]
[BlackFideId "30958130"]
[WhiteElo "2109"]
[BlackElo "2232"]
[Result "0-1"]
[Round "10"]
[TimeControl "180+2"]
[Date "2023.01.31"]
[WhiteClock "0:00:06"]
[BlackClock "0:00:13"]

1. d4 d5 2. e3 Nf6 3. Bd3 c5 4. c3 Nc6 5. Nd2 Bg4 6. f3 Bh5 7. Nh3 Bg6 8. Be2 e6 9. Nf4 Bd6 10. Nxg6 hxg6 11. f4 cxd4 12. cxd4 Ne4 13. Nxe4 dxe4 14. Bd2 Rc8 15. O-O g5 16. Be1 gxf4 17. exf4 Nxd4 18. Bh5 Bc5 19. Bf2 Qb6 20. b4 Qxb4 21. Rb1 Qc4 22. Rc1 Qd5 23. Rxc5 Rxc5 24. Bxd4 Rxh5 25. Bxc5 Qxd1 26. Rxd1 Rxc5 27. Rd2 f5 28. Kf2 Ke7 29. Rb2 b6 0-1


[Site "https://www.chess.com"]

[Event "Titled Tuesday Blitz January 31 Late 2023"]
[White "Cella, Glaucio Dalla Cortt"]
[Black "Romero Ruscalleda, Josep"]
[WhiteFideId "2119455"]
[BlackFideId "2231859"]
[WhiteElo "1894"]
[BlackElo "2160"]
[Result "0-1"]
[Round "10"]
[TimeControl "180+2"]
[Date "2023.01.31"]
[WhiteClock "0:00:14"]
[BlackClock "0:00:26"]

1. e4 g6 2. d4 Bg7 3. Nf3 d6 4. c4 Nc6 5. Nc3 Bg4 6. d5 Nd4 7. Be2 Nxe2 8. Qxe2 e5 9. h3 Bxf3 10. Qxf3 Ne7 11. O-O O-O 12. Bg5 f6 13. Be3 f5 14. Rab1 f4 15. Bc1 g5 16. b4 Ng6 17. a4 Nh4 18. Qg4 Rf6 19. c5 Qe7 20. c6 b6 21. Bb2 f3 22. g3 Ng2 23. Kh2 Raf8 24. Qxg5 Kh8 25. Rg1 Bh6 26. Qh5 Rg8 27. Rxg2 Rg5 28. Qh4 fxg2 29. Rg1 Rxf2 30. Bc1 Qg7 31. Bxg5 Bxg5 32. Qg4 Bd2 33. Qxg7+ Kxg7 34. Nd1 Rf1 35. Nb2 Bxb4 36. Rxg2 Re1 37. Nd3 Rxe4 38. Nxb4 Rxb4 39. Ra2 a5 40. h4 Rd4 41. Kh3 Rxd5 42. Rf2 Rc5 43. Rf5 Rxc6 44. Rg5+ Kf7 45. Rh5 Kg7 46. Rg5+ Kf6 47. Rh5 e4 48. Rxh7 e3 49. Rh8 Rc5 50. Rf8+ Ke7 51. Rf1 e2 52. Re1 Re5 53. Kg2 b5 54. Kf2 bxa4 55. Rxe2 Rxe2+ 56. Kxe2 a3 57. Kf3 a2 58. Kg4 a1=Q 0-1


[Site "https://www.chess.com"]

[Event "Titled Tuesday Blitz January 31 Late 2023"]
[White "Howell, David W L"]
[Black "Simonovic, Miroslav"]
[WhiteFideId "410608"]
[BlackFideId "919152"]
[WhiteElo "2677"]
[BlackElo "2082"]
[Result "1-0"]
[Round "10"]
[TimeControl "180+2"]
[Date "2023.01.31"]
[WhiteClock "0:01:25"]
[BlackClock "0:00:26"]

1. e4 c5 2. Nf3 Nc6 3. d4 cxd4 4. Nxd4 a6 5. c4 e5 6. Nc2 Nf6 7. Nc3 Be7 8. Be2 O-O 9. O-O d6 10. b3 Be6 11. Be3 Nd7 12. Nd5 f5 13. exf5 Bxf5 14. Qd2 Nc5 15. Rad1 Ne6 16. Bd3 Bxd3 17. Qxd3 Bg5 18. Bb6 Qd7 19. Rfe1 Rf7 20. c5 Ned4 21. Nxd4 exd4 22. Qg3 Bd8 23. cxd6 Qf5 24. Nc7 Rc8 25. Re8+ Rf8 26. Ne6 Bxb6 27. Qxg7# 1-0


[Site "https://www.chess.com"]

[Event "Titled Tuesday Blitz January 31 Late 2023"]
[White "Caruana, Fabiano"]
[Black "Carlsen, Magnus"]
[WhiteFideId "2020009"]
[BlackFideId "1503014"]
[WhiteElo "2764"]
[BlackElo "2853"]
[Result "0-1"]
[Round "11"]
[TimeControl "180+2"]
[Date "2023.02.01"]
[WhiteClock "0:00:05"]
[BlackClock "0:00:03"]

1. d4 d5 2. c4 e6 3. Nf3 Nf6 4. Nc3 c6 5. Bg5 Be7 6. e3 Nbd7 7. Qc2 h6 8. Bh4 O-O 9. Rd1 b6 10. Bd3 Bb7 11. O-O c5 12. Qe2 cxd4 13. exd4 Rc8 14. Ne5 dxc4 15. Bxc4 Nxe5 16. dxe5 Nd7 17. Bb5 Rc7 18. Bg3 Qc8 19. Ne4 Bxe4 20. Qxe4 Rd8 21. Bf4 Nf8 22. h3 Ng6 23. Be3 Bc5 24. Ba6 Qb8 25. Bxc5 Rxc5 26. f4 Rxd1 27. Rxd1 Qc7 28. Kh2 b5 29. b3 Qb6 30. Rd6 Qc7 31. Qd4 Rc2 32. Rd8+ Kh7 33. Rd7 Qa5 34. Bb7 Qe1 35. Rxf7 Rc1 36. Be4 h5 37. Rxg7+ Kxg7 38. Qd7+ Kh6 39. Bxg6 Qg1+ 40. Kg3 Qe3+ 41. Kh2 Qxf4+ 0-1


[Site "https://www.chess.com"]

[Event "Titled Tuesday Blitz January 31 Late 2023"]
[White "Yu, Yangyi"]
[Black "So, Wesley"]
[WhiteFideId "8603820"]
[BlackFideId "5202213"]
[WhiteElo "2729"]
[BlackElo "2760"]
[Result "0-1"]
[Round "11"]
[TimeControl "180+2"]
[Date "2023.02.01"]
[WhiteClock "0:00:04"]
[BlackClock "0:00:06"]

1. Nf3 d5 2. g3 g6 3. Bg2 Bg7 4. d4 Nf6 5. c4 c6 6. Qa4 O-O 7. O-O dxc4 8. Qxc4 Bf5 9. e3 Nbd7 10. h3 Qc7 11. Ng5 e5 12. e4 Nb6 13. Qe2 Bd7 14. dxe5 Qxe5 15. Re1 Rfe8 16. Nc3 Qe7 17. Nf3 Be6 18. e5 Nfd7 19. Bg5 Qf8 20. Rad1 Bc4 21. Qd2 Nxe5 22. Nxe5 Bxe5 23. b3 Bxc3 24. Qxc3 Bd5 25. Bf1 Rxe1 26. Rxe1 Nd7 27. Re7 Rd8 28. Qe3 Be6 29. Bc4 Re8 30. Bxe6 Rxe7 31. Bxe7 Qxe7 32. Bxd7 Qxd7 33. Qxa7 h5 34. h4 Kg7 35. Qe3 Qd1+ 36. Kh2 Qd5 37. Qc3+ f6 38. Qe3 Kf7 39. Qb6 Qd7 40. a4 g5 41. a5 gxh4 42. gxh4 Kg6 43. Qb4 Qc7+ 44. Kg1 Kf5 45. Qc3 Qe5 46. Qf3+ Kg6 47. b4 Qf5 48. Qg3+ Qg4 49. Kg2 Kf5 50. f3 Qxg3+ 51. Kxg3 Ke5 52. Kg2 Kf4 53. Kf2 f5 54. Ke2 Kg3 55. Ke3 Kxh4 56. Kf4 Kh3 57. Kxf5 Kg3 58. Ke6 h4 59. Kd7 h3 60. Kc7 h2 61. Kxb7 h1=Q 62. a6 Qxf3 63. a7 c5+ 0-1


[Site "https://www.chess.com"]

[Event "Titled Tuesday Blitz January 31 Late 2023"]
[White "Dubov, Daniil"]
[Black "Deac, Bogdan-Daniel"]
[WhiteFideId "24126055"]
[BlackFideId "1226380"]
[WhiteElo "2708"]
[BlackElo "2700"]
[Result "0-1"]
[Round "11"]
[TimeControl "180+2"]
[Date "2023.02.01"]
[WhiteClock "0:00:02"]
[BlackClock "0:00:04"]

1. d4 Nf6 2. Nf3 d5 3. c4 e6 4. g3 Be7 5. Bg2 O-O 6. O-O dxc4 7. Qc2 b5 8. a4 Bb7 9. axb5 a6 10. Nc3 axb5 11. Rxa8 Bxa8 12. Nxb5 Bd5 13. Bf4 c5 14. dxc5 Qa5 15. Nc3 Qxc5 16. Nxd5 Nxd5 17. Ng5 Bxg5 18. Bxg5 Rc8 19. Rd1 h6 20. Bxd5 exd5 21. Be3 Qc6 22. Qf5 Rd8 23. Bd4 Qe6 24. Qf3 Nc6 25. e3 Qe4 26. Qe2 Nb4 27. Bc3 Nd3 28. Qh5 Ra8 29. h3 Qe6 30. Kg2 Qe4+ 31. Kg1 Qe6 32. Qf3 Ra2 33. h4 Qe4 34. Qh5 Qe6 35. Qf3 Qe4 36. Qh5 Nxb2 37. Qxd5 Qxd5 38. Rxd5 Nd3 39. Rd8+ Kh7 40. Rd7 Kg8 41. Rd8+ Kh7 42. Rd7 Kg8 43. Rd4 Nxf2 44. Rxc4 f6 45. Rc8+ Kh7 46. h5 Ne4 47. Be1 Ra1 48. Kf1 Nxg3+ 49. Kf2 Nxh5 50. Rc5 Kg6 51. Bc3 Rc1 52. Kf3 Rc2 53. e4 Rc1 54. Kg4 Rg1+ 55. Kf3 Rf1+ 56. Ke2 Rc1 57. Kf3 Rf1+ 58. Kg2 Rb1 59. Kf3 Rb3 60. Kg4 Ra3 61. Rc4 Ra2 62. Rc5 Rg2+ 63. Kh3 Rg3+ 64. Kh4 Rd3 65. Rc4 Nf4 66. Kg4 Ng2 67. Rc6 Ne3+ 68. Kf4 Ng2+ 69. Kg4 Ne3+ 70. Kf3 Nd1+ 71. Kf4 Rxc3 0-1


[Site "https://www.chess.com"]